← All builds
Suicide front / Armada / Economy first / OBSERVED BUILD

Janus skirmish rush

Armada Suicide front build order · Supreme Isthmus

Vehicle plant first into an early Janus-led T1 vehicle skirmish force by 1:22, far earlier than the role norm, fighting almost entirely in the middle and sometimes pushing into the enemy base.

Usually 3 mex, then lab (64%)

#rush #artillery #push · 113 distinct matches · 20 players · 5% of Armada Suicide front games · team won 55% of 114 · Recently observed

THE CATCH, AND WHAT COMES WITH IT
  • JanusT1 vehicle skirmishers from 1:22 · 6% of role by thenFrom the Vehicle Plant. Only 6% of Suicide front games have it by then; others who build it get it around 1:36
  • Vehicle PlantVehicle Plant in 100%6% of all Suicide front games by then
  • RoverScout in 99%5% of all Suicide front games by then
  • BlitzBlitz in 60%7% of all Suicide front games by then
  • ShellshockerArty in 51%3% of all Suicide front games by then

Where those units first fight, in 114 games with kill data: in the middle 95%, on their own side 5%.

Those units destroy a typical 1,229 metal of enemy units by 15:00.

Then transitions into blitz (28% of army), missile truck (12% of army).

HOW TO PLAY IT

Key timing: Vehicle Plant by 0:29

  1. Rush Vehicle Plant instead of the usual bot lab opening.
  2. Send Rover scouts out for early raiding and vision.
  3. Push Janus skirmishers to fight at range in the middle.
  4. Add Shellshocker arty to back the skirmish line.
  5. Transition into Blitz tanks and missile trucks as the army scales.

Phase by phase

TYPICAL OF ITS 113 GAMES · AGAINST STANDARD SUICIDE FRONT
  1. 1
  2. 2
  3. 3
  4. 4
PLAY THE OPENING

Follow the example game's first 6:00 step by step: what to build now, what comes next, and where it goes. At 1× it keeps pace with your own game.

  1. 1

    Up to the Vehicle Plant

    Economy
    • Metal Extractor3Mex+2 vs standard
    Order
    1. Vehicle PlantVehicle Plant after 3 mexdone ~0:47, middle half 0:40–0:50

    By 0:28 in all: 3 mex (standard 1)

    The example game in this phase · 2 steps
    1. Mex
    2. Vehicle PlantVehicle Plantdone 0:29 · typical 0:47
  2. 2

    Vehicle Plant to T1 vehicle skirmishers

    Economy
    • Wind Turbine1Wind
    Order
    1. JanusT1 vehicle skirmishers after 3 mex, 2 wind
    Builders
    • Construction Vehicle2 Con vehicle +2 vs standard
    Army
    • Rover2 Scout +2 vs standard

    Some games also: mex (35%)

    The standard build makes here, this one skips: 2 mex · 2 con bot

    By 1:21 in all: 3 mex · 2 wind

    The example game in this phase · 7 steps
    1. RoverScout
    2. SentrySentry
    3. RoverScout ×2
    4. Construction VehicleCon vehicle ×3
    5. BeamerBeamerfor Geo
    6. Mex ×2
    7. JanusJanusdone 2:37
  3. 3

    T1 vehicle skirmishers to 5:00

    Economy
    • Metal Extractor2Mex
    • Wind Turbine4Wind
    Builders
    • Construction Vehicle2 Con vehicle +2 vs standard
    Army
    • Sentry3 Sentry
    • Janus3 Janus +3 vs standard
    • Whistler3 Missile truck +3 vs standard

    Some games also: Radar Tower (48%) · arty (47%) · Dragon's Teeth (47%) · blitz (38%)

    The standard build makes here, this one skips: 2 con bot · 2 Lazarus · 17 rocketeer

    By 5:00 in all: 5 mex · 6 wind (standard 4)

    The example game in this phase · 15 steps
    1. BeamerBeamerfor Geo
    2. Mex
    3. Radar TowerRadar Tower
    4. JanusJanus
    5. Mex
    6. WhistlerMissile truck
    7. ShellshockerArty
    8. Mex
    9. ShellshockerArty
    10. OverwatchOverwatch
    11. Solar
    12. ShellshockerArty ×2
    13. Wind
    14. ShellshockerArty
    15. Wind
  4. 4

    5:00 to 10:00

    Economy
    • Metal Extractor1Mex
    • Wind Turbine13Wind
    Builders
    • Construction Turret2 Con turret
    • Construction Vehicle1 Con vehicle
    Army
    • Sentry2 Sentry
    • Blitz11 Blitz +11 vs standard
    • Whistler2 Missile truck +2 vs standard

    Some games also: energy storage (46%) · Dragon's Teeth (40%) · Beamer (36%) · Radar Tower (35%)

    The standard build makes here, this one skips: 2 Lazarus · 8 rocketeer

    By 10:00 in all: 7 mex · 20 wind · 1 energy storage · 2 con turret

    The example game in this phase · 64 steps
    1. ShellshockerArty
    2. Mex
    3. Wind
    4. BlitzBlitz ×3
    5. Wind
    6. BlitzBlitz ×2
    7. Wind
    8. BlitzBlitz
    9. Con turret
    10. BlitzBlitz
    11. SentrySentry
    12. Wind
    13. BlitzBlitz
    14. Wind
    15. BlitzBlitz ×2
    16. Wind
    17. BlitzBlitz
    18. Wind
    19. BlitzBlitz
    20. Wind
    21. BlitzBlitz
    22. Wind
    23. BlitzBlitz
    24. Wind ×2
    25. BlitzBlitz
    26. Wind ×7
    27. BlitzBlitz ×2
    28. Wind
    29. BlitzBlitz
    30. Wind ×2
    31. BlitzBlitz ×2
    32. Wind
    33. BlitzBlitz
    34. Wind
    35. BlitzBlitz
    36. Wind
    37. BlitzBlitz ×2
    38. Wind
    39. BlitzBlitz
    40. Wind
    41. BlitzBlitz
    42. Radar TowerRadar Tower
    43. BeamerBeamer
    44. Mex
    45. BlitzBlitz
    46. Mex
    47. BlitzBlitz
    48. Mex
    49. Construction VehicleCon vehicle ×2
    50. Mex
    51. BlitzBlitz ×4
    52. Mex
    53. BlitzBlitz ×5
    54. Mex
    55. BlitzBlitz
    56. SentrySentry
    57. BlitzBlitz ×4
    58. Mex
    59. BlitzBlitz ×3
    60. Energy storage
    61. BlitzBlitz ×2
    62. Con turret
    63. Advanced Metal ExtractorT2 mexnot finished by 15:00 · typical 9:32
    64. Con turret

Counts are medians over the build's games: half of them build more, half fewer. The example game is AbyssFalcon's (37 OS, 14/08/2026); pick another.

Team trades

IN AT LEAST 30% OF ITS GAMES

You hand over

Nothing regular.

You get

  • Tidal Generator4 Tidal from Pondfirst at 0:09 · in 79% of games
  • Advanced Construction Bot1 T2 con bot from Geo or Techfirst at 7:14 · in 56% of games

How it plays out

Typical game of this build against the role’s standard build, running totals by minute

  • This build
  • Standard suicide front

Metal produced

010k20k30k
0:005:0010:0015:00

metal

Enemy metal destroyed

05k10k
0:005:0010:0015:00

metal

Own metal lost

05k10k
0:005:0010:0015:00

metal

114 games.

Show as table
ByMetal produced: This buildMetal produced: Standard suicide frontEnemy metal destroyed: This buildEnemy metal destroyed: Standard suicide frontOwn metal lost: This buildOwn metal lost: Standard suicide front
1:003882260000
2:0092388900160
3:001708205121618062106
4:0027553161687660385496
5:0037894243133914178621026
6:00484154342222230015551787
7:00592766723075317521752706
8:00712079243884403031833613
9:00825193164769479739124495
10:009619106985387543245115318
11:0011474122535762591153366059
12:0013357141066276651859566829
13:0015165162266669702965567536
14:0017060180957304770973748373
15:0018578204327840834889319240
WHAT THE NUMBERS SAY

Matched the standard build's win rate but produced less metal and destroyed slightly less enemy metal by 15:00.

  • + Own metal lost by 15:00 lower (8351 vs 9208).
  • + Catch units alone destroy a typical 1231 metal by 15:00.
  • − Metal produced by 15:00 lower than standard (18283 vs 19882).
  • − Enemy metal destroyed by 15:00 slightly lower (7840 vs 8172).
THE EXAMPLE YOU ARE READING

AbyssFalcon

36.7 OS · 14/08/2026

Open source match ↗

16 received units · includes a constructor
56 metal received · 6534 energy received

Allied construction assistance is unknown. Timings are observations, not a promise of solo reproducibility.

Typical milestones

Vehicle Plant0:47Middle 50%: 0:40–0:50 · n=114
Advanced Metal Extractor9:32Middle 50%: 8:34–10:28 · n=84

Played most by

Kcorp45games of this buildHummell22games of this buildImmort9games of this buildRexalidus7games of this buildAdeus6games of this build